 Dungeon Crawl Stone Soup version 0.30.1-9-gdf580d7c3d (webtiles) character file.

Game seed: 15308456677992653399

493 Lobotomite the Charlatan (level 7, -2/49 HPs)
             Began as a Meteoran Wanderer on Oct 9, 2023.
             Was a Believer of Makhleb.
             Slain by Edmund
             ... wielding a +1 flail of protection
              (5 damage)
             ... on level 6 of the Dungeon on Oct 10, 2023.
             The game lasted 00:29:08 (3174 turns).

Lobotomite the Charlatan (Meteoran Wanderer)        Turns: 3174, Time: 00:29:09

Health: -2/49      AC: 10    Str: 22    XL:     7   Next: 65%
Magic:  14/14      EV: 24    Int: 13    God:    Makhleb [**....]
Gold:   272        SH:  0    Dex: 13    Spells: 13/14 levels left

rFire   + . .        s - +0 short sword (drain)
rCold   . . .        (no shield)
rNeg    . . .        p - +2 scale mail {rF+}
rPois   .            t - +0 helmet
rElec   .            l - +0 cloak of Dossor {Rampage Str+5}
rCorr   +            (no gloves)
SInv    .            (no boots)
Will    .....        y - amulet of the acrobat Stlth
                     B - ring of resist corrosion
HPRegen 0.28/turn    (no ring)
MPRegen 0.14/turn

%: acrobat, rampage
@: acrobatic, glowing
A: sense surroundings 1, otherworldly, glowing, explore regen
a: Renounce Religion, Minor Destruction


You were on level 6 of the Dungeon.
You worshipped Makhleb.
Makhleb was pleased with you.
You visited 1 branch of the dungeon, and saw 6 of its levels.

You collected 272 gold pieces.

Inventory:

Hand Weapons
 a - a +2 short sword
 s - a +0 short sword of draining (weapon)
 x - a +1 dagger of speed
Armour
 d - a +0 leather armour
 i - a +0 cloak
 l - the +0 cloak of Dossor (worn) {Rampage Str+5}
   (You found it on level 2 of the Dungeon)

   Str:       It affects your strength (+5).
   Rampage:   It bestows one free step when moving towards enemies.
 p - a +2 scale mail of fire resistance (worn)
 t - a +0 helmet (worn)
 v - an orb of wrath
Magical Staves
 f - a staff of death
Jewellery
 y - an amulet of the acrobat (around neck)
 B - a ring of resist corrosion (left hand)
Wands
 n - a wand of iceblast (14)
 o - a wand of paralysis (8)
 q - a wand of quicksilver (7)
 r - a wand of polymorph (8)
Scrolls
 c - 3 scrolls of blinking
 e - 6 scrolls of teleportation
 g - 4 scrolls of identify
 h - 2 scrolls of enchant armour
 m - a scroll of fog
 u - 2 scrolls of fear {unknown}
 A - 4 scrolls of amnesia
Potions
 j - a potion of cancellation {unknown}
 k - 2 potions of haste {unknown}
 w - a potion of curing {unknown}
 z - a potion of lignification {unknown}
 C - 3 potions of ambrosia {unknown}
Miscellaneous
 b - a piece from Xom's chessboard (15/15)


   Skills:
 + Level 3.5 Fighting
 + Level 4.0 Short Blades
 + Level 4.0 Spellcasting
 + Level 5.2 Fire Magic
 + Level 5.4 Evocations


You had 13 spell levels left.
You knew the following spells:

 Your Spells              Type           Power      Damage    Failure   Level
a - Foxfire               Conj/Fire      36%        2x1d5     21%         1

Your spell library contained the following spells:

 Spells                   Type           Power      Damage    Failure   Level
 Sandblast                Erth           4%         2d4       50%         1
 Inner Flame              Hex/Fire       9%         N/A       52%         3
 Ignite Poison            Fire/Tmut/Pois 7%         N/A       63%         3
 Passwall                 Tmut/Erth      1%         N/A       65%         2
 Hailstorm                Conj/Ice       2%         3d3       86%         3
 Stone Arrow              Conj/Erth      4%         3d7       86%         3
 Summon Guardian Golem    Hex/Summ       2%         N/A       86%         3
 Sticky Flame             Conj/Fire      9%         2d3       89%         4
 Cause Fear               Hex            1%         N/A       99%         4
 Ice Form                 Ice/Tmut       2%         N/A       99%         4
 Leda's Liquefaction      Hex/Erth       1%         N/A       99%         4
 Simulacrum               Ice/Necr       1%         N/A       100%        6
 Monstrous Menagerie      Summ           1%         N/A       100%        7
 Orb of Destruction       Conj           1%         9d5       100%        7
 Spellforged Servitor     Conj/Summ      1%         N/A       100%        7
 Ignition                 Fire           8%         3d5       100%        8


Dungeon Overview and Level Annotations

Branches:
Dungeon (6/15) Zot: 670    Temple (0/1) D:4

Altars:
Elyvilon
Makhleb
Qazlal
Trog
Vehumet
Zin
The Shining One

Shops:
D:5 [

Annotations:
D:6 Edmund, Maggie


Innate Abilities, Weirdness & Mutations

You passively map a small area around you.
You are easily found by Zot.
You glow in the dark.
You regain HP and MP as you explore.


Message History

h - 2 scrolls of enchant armour (gained 1)
The orc priest mumbles some strange prayers to Beogh against you.
Beogh smites you!
* * * LOW HITPOINT WARNING * * *
There are no items here.
There are no items here.
Maggie the Vainglorious comes into view.
She is wielding a +0 broad axe.
Maggie shouts!
Maggie mumbles some strange words.
Maggie attempts to bespell you!
You are mesmerised by Maggie!
The orc wizard casts a spell.
The orc wizard flickers and vanishes!
Deactivating autopickup; reactivate with Ctrl-A.
You are no longer entranced.
Edmund the Younger comes into view.
He is wielding a +1 flail of protection.
Something tries to affect you, but you resist.
You are confused.
You bump into the rock wall.
The orc attacks as you move away! The orc hits you with a +0 hand axe.
* * * LOW HITPOINT WARNING * * *
The orc wizard casts a spell.
The orc wizard flickers and vanishes!
Edmund completely misses you. The orc hits you but does no damage.
Edmund completely misses you.
You are too confused!
You are too confused!
You hit Edmund but do no damage.
You feel less confused. The orc barely misses you.
Edmund hits you but does no damage.
You hit the orc.
The orc is heavily wounded.
Maggie casts a spell at you.
The bolt of fire hits the orc!
The orc dies!
The bolt of fire hits you but does no damage.
Edmund hits you with a +1 flail of protection!
* * * LOW HITPOINT WARNING * * *
Something misses you.
Edmund hits you with a +1 flail of protection.
You die...

,, *## ##### * * , , , #.
....# , , .@ ....# *, * , ,
,#.##.#..# * > * ,
#.#..#..# , , ## ,
#.#.##..# * , .## >,?..
#.#.##@@# .... ....
*##...o@).#####...##**
,...o.##.##.####..........
,....o{.#.#...............
, ..##.................. ,
,o...o...o..##...♣♣♣....###
......#.#...#..♣# ♣.....
,......#...#.#..♣ ♣...##
####. #.#...#..♣# #♣...# *


You could see Maggie, Edmund and an orc priest.

Vanquished Creatures
  A centaur (D:6)
  A bullfrog (D:5)
  2 scorpions
  2 hounds (D:4)
  2 jellies (D:5)
  An iguana (D:4)
  An adder (D:2)
  2 worms
  3 dart slugs (D:1)
  5 orcs
  4 endoplasms
  4 giant cockroaches
  2 hobgoblins
  4 jackals (D:3)
  3 quokkas
  4 ball pythons
  7 bats
  A frilled lizard (D:1)
  8 goblins
  9 kobolds
  5 rats
71 creatures vanquished.

Vanquished Creatures (others)
  An orc (D:6)
  4 foxfires (D:3)
5 creatures vanquished.

Grand Total: 76 creatures vanquished

Notes
Turn   | Place    | Note
-------+----------+-------------------------------------------
     0 | D:1      | Lobotomite the Meteoran Wanderer began the quest for the
                  | Orb.
     0 | D:1      | Lobotomite set off with the following items: a +2 short
                  | sword, a piece from Xom's chessboard (15/15), a scroll of
                  | blinking, a +0 leather armour; and the following spell
                  | memorised: Foxfire; and the following spells available to
                  | memorise: Inner Flame.
     0 | D:1      | Reached XP level 1. HP: 16/16 MP: 3/3
   134 | D:1      | Reached XP level 2. HP: 23/23 MP: 5/5
   282 | D:1      | Reached XP level 3. HP: 28/28 MP: 6/6
   508 | D:1      | Glimpsed the power of Zot.
   558 | D:1      | Glimpsed the power of Zot.
   581 | D:1      | Found a faded altar of an unknown god.
   589 | D:1      | Prayed at the altar of an unknown god.
   589 | D:1      | Became a worshipper of Makhleb the Destroyer
   589 | D:1      | Reached * piety under Makhleb
   599 | D:1      | Glimpsed the power of Zot.
   608 | D:1      | Touched by the power of Zot.
   636 | D:2      | Reached XP level 4. HP: 16/28 MP: 8/8
  1015 | D:2      | Identified the +0 cloak of Dossor {Rampage Str+5}
  1316 | D:2      | Glimpsed the power of Zot.
  1613 | D:3      | Got Norch's Discourse on the Swarm and Spellbinding
  1649 | D:3      | Found a bloodstained altar of Trog.
  1661 | D:3      | Reached ** piety under Makhleb
  1923 | D:3      | Glimpsed the power of Zot.
  1973 | D:3      | Glimpsed the power of Zot.
  2036 | D:4      | Reached XP level 5. HP: 23/34 MP: 9/9
  2112 | D:4      | Reached XP level 6. HP: 37/42 MP: 11/11
  2426 | D:4      | Found a staircase to the Ecumenical Temple.
  2515 | D:4      | Found a stormy altar of Qazlal.
  2530 | D:4      | Found a radiant altar of Vehumet.
  2533 | D:4      | Glimpsed the power of Zot.
  2583 | D:4      | Glimpsed the power of Zot.
  2596 | D:5      | Entered Level 5 of the Dungeon
  2671 | D:5      | Found a white marble altar of Elyvilon.
  2673 | D:5      | Found a glowing silver altar of Zin.
  2675 | D:5      | Found a glowing golden altar of the Shining One.
  2719 | D:5      | Found Casoull's Armour Boutique.
  2862 | D:5      | Reached skill level 5 in Evocations
  2875 | D:5      | Reached skill level 5 in Fire Magic
  2875 | D:5      | Reached XP level 7. HP: 49/49 MP: 13/13
  3161 | D:6      | Noticed Maggie
  3164 | D:6      | Noticed Edmund
  3174 | D:6      | Slain by Edmund

Illustrated notes

Levels and vault maps discovered:
D:1:      elethiomel_arrival_maze, layout_basic, basic_ecumenical_altar,
          minmay_3d_cube
D:2:      layout_basic, minmay_door_square, st_stairs_10
D:3:      minmay_general_purpose_star, layout_basic,
          mainiacjoe_overflow_chevrons, grunt_decor_junction, kennysheep_doodads
D:4:      layout_loops_ring, mainiacjoe_overflow_big_doors,
          minmay_temple_entry_gardened_gates, uniq_grinder
D:5:      layout_cave_pools, dreamdust_divine_triumvirate, serial_shops, shop
D:6:      layout_loops_cross, chequers_temple_overflow_statue_of_worship,
          general_overflow_altar, minmay_misc_feat_doors,
          minmay_stone_trees_small, uniq_maggie, uniq_edmund

Skill      XL: |  1  2  3  4  5  6  7 |
---------------+----------------------+-----
Spellcasting   | 2 3 4 |  4.0
Fire Magic     | 4 5 |  5.2
Evocations     | 4 5 |  5.4
Fighting       | 2 3 |  3.5
Short Blades   | 3 4 |  4.0

Action                     |  1- 3 |  4- 6 |  7- 9 || total
---------------------------+-------+-------+-------++-------
  Melee: Short sword       |    87 |   183 |    25 ||   295
         Punch             |     1 |       |       ||     1
   Cast: Foxfire           |       |     2 |       ||     2
    Use: Scroll            |       |     5 |       ||     5
 Armour: Leather armour    |    35 |    40 |       ||    75
         Scale mail        |       |    34 |    26 ||    60
  Dodge: Dodged            |    39 |    73 |    24 ||   136
